 Seeded DCSS version 0.29-a0-998-g1987434951 (webtiles) character file.

Game seed: 7694203232 (custom seed)

91 muata the Trooper (level 4, 0/37 HPs)
             Began as a Human Monk on Aug 5, 2022.
             Slain by an ogre
             ... wielding a +0 giant club
              (16 damage)
             ... on level 3 of the Dungeon.
             The game lasted 00:11:22 (3426 turns).

muata the Trooper (Human Monk)                      Turns: 3426, Time: 00:11:23

Health: 0/37       AC:  3    Str: 12    XL:     4   Next: 87%
Magic:  4/4        EV: 13    Int: 10    God:
Gold:   107        SH:  0    Dex: 17    Spells: 3/3 levels left

rFire   . . .      SeeInvis .     - Unarmed
rCold   . . .      Faith    .   (no shield)
rNeg    . . .      Spirit   .   a - +0 robe
rPois   .          Reflect  .   (no helmet)
rElec   .          Harm     .   (no cloak)
rCorr   .          Rampage  .   d - +0 pair of gloves
Will    .....                   (no boots)
Stlth   ++........              m - amulet of the acrobat
HPRegen 0.12/turn               (no ring)
MPRegen 0.09/turn               (no ring)

@: no status effects
A: no striking features
a: no special abilities


You were on level 3 of the Dungeon.
You visited 1 branch of the dungeon, and saw 3 of its levels.

You collected 107 gold pieces.

Inventory:

Hand Weapons
 r - a +0 dagger of draining
Missiles
 c - 30 stones (quivered)
 h - 9 poisoned darts
Armour
 a - a +0 robe (worn)
 d - a +0 pair of gloves (worn)
Magical Staves
 e - a staff of death
Jewellery
 m - an amulet of the acrobat (around neck)
Scrolls
 f - 3 scrolls of identify {unknown}
 i - 2 scrolls of teleportation {unknown}
 j - a scroll of enchant weapon {unknown}
 k - 2 scrolls of poison {unknown}
 o - a scroll of enchant armour {unknown}
 q - a scroll of noise {unknown}
 s - a scroll of silence {unknown}
Potions
 b - a potion of ambrosia
 g - a potion of cancellation
 l - a potion of might {unknown}
 n - 2 potions of curing {unknown}
 p - 2 potions of invisibility {unknown}


   Skills:
 + Level 3.8 Fighting
 + Level 3.8 Dodging
 - Level 2.0 Stealth
 + Level 3.8 Unarmed Combat


You had 3 spell levels left.
You didn't know any spells.
Your spell library was empty.

Dungeon Overview and Level Annotations

Branches:
Dungeon (3/15)

Altars:


Message History

The orc completely misses you.
You barely miss the orc.
The orc is moderately wounded.
The orc hits you with a +3 flail.
You punch the orc!
You kill the orc!
You see here a +3 flail.
An endoplasm comes into view.
You hit the endoplasm.
The endoplasm is lightly wounded.
The endoplasm barely misses you.
You hit the endoplasm.
You kill the endoplasm!
The ogre shouts!
The ogre completely misses you.
You hit the ogre.
The ogre is lightly wounded.
You hit the ogre.
The ogre is moderately wounded.
The ogre barely misses you.
You barely miss the ogre.
The ogre is moderately wounded.
You closely miss the ogre.
The ogre is moderately wounded.
The ogre closely misses you.
You hit the ogre.
The ogre is moderately wounded.
The ogre hits you with a +0 giant club!!
Ouch! That really hurt!
You hit the ogre.
The ogre is moderately wounded.
You barely miss the ogre.
The ogre is moderately wounded.
The ogre barely misses you.
You hit the ogre.
The ogre is moderately wounded.
You hit the ogre but do no damage.
The ogre is moderately wounded.
The ogre hits you with a +0 giant club!
You die...

###.###.# #.#.## #.#
........#.###...>###.#
###.##..#............# .
#.##..#####....##########
#.###.....#####.#...........#
...............#...#######.#
###
.#.....####...............#
..# #...#.# #.#####.#########
#.##.##...## #@# #.#
#....##..## #O# #.# ##)##
#..# #.# #.# ....## #..# #.#
#.# ##...###..# #.# #.#
...#......# #.# #.#
##...####.# #.#####.# ##.#.#
#.# #.##....# ...#... #.#
#.####


You could see an ogre.

Vanquished Creatures
  2 adders (D:2)
  A worm (D:3)
  4 dart slugs
  3 orcs (D:3)
  4 ball pythons
  7 bats
  4 endoplasms
  A giant cockroach (D:1)
  6 goblins
  2 hobgoblins
  8 jackals
  3 quokkas (D:1)
  4 frilled lizards
  A kobold (D:1)
  2 rats (D:2)
52 creatures vanquished.

Notes
Turn   | Place    | Note
-------+----------+-------------------------------------------
     0 | D:1      | muata the Human Monk began the quest for the Orb.
     0 | D:1      | Reached XP level 1. HP: 18/18 MP: 1/1
   143 | D:1      | Reached XP level 2. HP: 22/24 MP: 2/2
   583 | D:1      | Reached XP level 3. HP: 19/29 MP: 3/3
   759 | D:1      | Found a faded altar of an unknown god.
  1988 | D:2      | Reached XP level 4. HP: 32/36 MP: 4/4
  2772 | D:3      | Noticed an ogre
  3426 | D:3      | Slain by an ogre

Illustrated notes

Levels and vault maps discovered:
D:1:      lemuel_arrival_hallway, layout_basic, ebering_ecumenical_altar_box,
          minmay_curled_crystal, grunt_decor_one_mirror, minmay_tiny_reverse_x
D:2:      layout_loops_ring, kennysheep_generic_room_4
D:3:      layout_loops_ring, minmay_fountain_box

Action                   |  1- 3 |  4- 6 || total
-------------------------+-------+-------++-------
Melee: Unarmed           |   135 |    95 ||   230
       Punch             |     2 |     2 ||     4
  Use: Potion            |     1 |       ||     1
 Stab: Sleeping          |     1 |     5 ||     6
Armor: Robe              |    36 |    19 ||    55
Dodge: Dodged            |   105 |    63 ||   168

Table legend: (Time is in decaauts)
 A = Elapsed time spent in this place.
 B = Non-inter-level travel time spent in this place.
 C = Inter-level travel time spent in this place.
 D = Time resting spent in this place.
 E = Time spent auto-exploring this place.
 F = Levels seen in this place.
 G = Mean time per level.
                   A        B        C        D        E       F      G
               +--------+--------+--------+--------+--------+-----+--------+
         Total |   3411 |   3280 |    131 |    861 |   1767 |   3 | 1137.0 |
       Dungeon |   3411 |   3280 |    131 |    861 |   1767 |   3 | 1137.0 |
               +--------+--------+--------+--------+--------+-----+--------+

Top non-repeatable levels by time:
     D:1: 1727 daAuts
     D:2: 864 daAuts
     D:3: 819 daAuts
